 Dungeon Crawl Stone Soup version 0.20-a0-433-g9e36e56 (webtiles) character file.

55 Amnesiac the Magician (level 3, -1/24 HPs)
             Began as a Mummy Enchanter on Jan 5, 2017.
             Slain by a worm (5 damage)
             ... on level 3 of the Dungeon.
             The game lasted 00:05:10 (1959 turns).

Amnesiac the Magician (Mummy Enchanter)             Turns: 1959, Time: 00:05:11

Health: -1/24      AC:  6    Str: 11    XL:     3   Next: 67%
Magic:  7/7        EV: 10    Int: 14    God:
Gold:   66         SH:  0    Dex: 13    Spells: 1/8 levels left

rFire  x . .     SeeInvis .     b - +0 quarterstaff
rCold  + . .     Gourm    .     g - +0 ring mail
rNeg   + + +     Faith    .     (shield currently unavailable)
rPois  ∞         Spirit   .     f - +0 helmet
rElec  .         Reflect  .     (no cloak)
rCorr  .         Harm     .     (no gloves)
MR     .....                    (no boots)
Stlth  +.........               (no amulet)
                                (no ring)
                                (no ring)

@: no status effects
A: no food or potions, fire vulnerability, cold resistance 1, negative energy
resistance 3, torment resistance, unbreathing
a: no special abilities


You were on level 3 of the Dungeon.
You were not hungry.

You visited 1 branch of the dungeon, and saw 3 of its levels.

You collected 66 gold pieces.

Inventory:

Hand Weapons
 a - a +1 dagger
 b - a +0 quarterstaff (weapon)
Armour
 f - a +0 helmet (worn)
 g - a +0 ring mail (worn)
Scrolls
 d - 2 scrolls of amnesia {unknown}
 e - 2 scrolls of identify {unknown}
Books
 c - a book of Maledictions

   Spells                             Type                      Level
   a - Corona                         Hexes                        1
   b - Ensorcelled Hibernation        Hexes/Ice                    2
   c - Confuse                        Hexes                        3
   d - Tukima's Dance                 Hexes                        3
   e - Dazzling Spray                 Conjuration/Hexes            3


   Skills:
 + Level 1.4 Short Blades
 - Level 1.5 Dodging
 + Level 2.6 Stealth
 + Level 3.4 Spellcasting
 * Level 3.4 Hexes


You had one spell level left.
You knew the following spells:

 Your Spells              Type           Power        Failure   Level  Hunger
e - Confuse               Hex            ##......     38%         3    N/A
f - Corona                Hex            ##.....      14%         1    N/A
w - Tukima's Dance        Hex            ##......     38%         3    N/A

Dungeon Overview and Level Annotations

Branches:
Dungeon (3/15)

Altars:
Fedhas

Annotations:
D:3 Ijyb, Sigmund


Innate Abilities, Weirdness & Mutations

You do not eat or drink.
Your flesh is vulnerable to fire.
You are immune to poison.
Your flesh is cold resistant. (rC+)
You are immune to negative energy. (rN+++)
You are immune to unholy pain and torment.
You can survive without breathing.


Message History

A goblin is nearby!
A goblin is nearby!
A worm comes into view.
The helpless worm fails to defend itself.
You sock the worm!
The worm is heavily wounded.
The goblin shouts!
You hear a shout! x3
The goblin barely misses you. The worm bites you!
You hit the worm.
The worm is heavily wounded.
The goblin closely misses you. The worm bites you but does no damage.
Sigmund the Dreaded comes into view.
He is wielding a scythe.
You hit the worm but do no damage.
The worm is heavily wounded.
The goblin hits you but does no damage.
Sigmund hits you from afar with a scythe!
Ouch! That really hurt!
* * * LOW HITPOINT WARNING * * *
The worm bites you.
You die...

#.#
#..#..#.##
#.#
#..###..#†#
#.# #..#
##..##
#.##..#
##..# #.##.#
##.####
####.##.
##..#..#
.....#
##..##.[#
.######
#@.#.#..#
......#
....#@##..#
#.###.#
#...#g#w#<.#
#.# #.#
###### ###.#
#.# #.# #.#
..# #.# #.#
#####.# #g#
...##.# #.#
....#.# #)#
....#.#####
#.#


You could see Sigmund, a worm and a goblin.

Vanquished Creatures
  An adder (D:2)
  2 worms (D:2)
  2 dart slugs (D:2)
  A leopard gecko (D:2)
  2 giant cockroaches (D:2)
  4 goblins
  3 hobgoblins
  A jackal (D:3)
  5 kobolds
  5 bats
  5 frilled lizards
  5 rats
36 creatures vanquished.

Notes
Turn   | Place    | Note
-------+----------+-------------------------------------------
     0 | D:1      | Amnesiac the Mummy Enchanter began the quest for the Orb.
     0 | D:1      | Reached XP level 1. HP: 13/13 MP: 4/4
    84 | D:1      | Reached skill level 1 in Short Blades
   356 | D:3      | Noticed Ijyb
   419 | D:2      | Reached XP level 2. HP: 9/19 MP: 6/6
  1141 | D:2      | Reached XP level 3. HP: 15/24 MP: 5/7
  1172 | D:2      | Learned a level 3 spell: Confuse
  1181 | D:2      | Learned a level 3 spell: Tukima's Dance
  1383 | D:2      | Found a blossoming altar of Fedhas.
  1959 | D:3      | Noticed Sigmund
  1959 | D:3      | Slain by a worm

Vault maps used:
D:1:      minmay_arrival_plants_in_alcoves
D:2:      fedhas_altar_2
D:3:      minmay_diamond_boxcup, grunt_temple_overflow_open, uniq_iyjb,
          uniq_sigmund, uniq_grinder

Skill      XL: |  1  2 |
---------------+-------+-----
Short Blades   | 1 |  1.4
Spellcasting   | 3 |  3.4
Hexes          | 3 |  3.4
Dodging        | |  1.5
Stealth        | |  2.6

Action                   || total
-------------------------++-------
Melee: Dagger            ||   111
       Quarterstaff      ||    25
 Cast: Corona            ||    18
       Confuse           ||     1
 Stab: Sleeping          ||     5
       Confused          ||     1
Armor: Robe              ||    13
       Ring mail         ||    23
Dodge: Dodged            ||    83
